General information
- name: BNet
- type: Ladder team game (AT/RT)
- host: Battle.net
- saver: NFL-IS-BACK-WOO
map: FullScaleAssault
- players: 8
- length: 58:32
- speed: Fast
- version: 1.28 W3XP
- replay type: Public
» download(565 KB)
Players
team 1 (winner)
I_PlSS_ON_TRUMP (
teal | 46 APM | 2578 actions | 55:58)
8 Blademaster
1 Wind Walk
3 Critical Strike
3 Mirror Image
1 Bladestorm
» actions
| Basic commands | 39 | |
| Build / train | 139 | |
| Enter build submenu | 38 | |
| Enter hero's abilities submenu | 10 | |
| Give item / drop item | 3 | |
| Remove unit from queue | 4 | |
| Right click | 1627 | |
| Select / deselect | 612 | |
| Use ability | 106 | |
2578 total
» units
| Peon | 18 | |
| Grunt | 7 | |
| Troll Headhunter/Berserker | 22 | |
| Goblin Zeppelin | 1 | |
| Goblin Shredder | 1 | |
| Shaman | 16 | |
| Tauren | 10 | |
| Demolisher | -3 | |
72 total
» upgrades
| Pillage | 1 | |
| Armor | 3 | |
| Melee Weapons | 3 | |
| Berserker Strength | 1 | |
| Troll Regeneration | 1 | |
| Ranged Weapons | 3 | |
| Shaman Training | 2 | |
| Berserker Upgrade | 1 | |
| Pulverize | 1 | |
| Spiked Barricades | 3 | |
| Reinforced Defenses | 1 | |
20 total
» buildings
| Altar of Storms | 1 | |
| Orc Burrow | 7 | |
| Barracks | 2 | |
| Voodoo Lounge | 1 | |
| Stronghold | 1 | |
| War Mill | 1 | |
| Fortress | 1 | |
| Spirit Lodge | 1 | |
| Tauren Totem | 2 | |
| Great Hall | 5 | |
| Watch Tower | 17 | |
39 total
» build order
00:17 Altar of Storms
00:24 Orc Burrow
00:44 Barracks
01:45 Orc Burrow
01:57 Voodoo Lounge
02:16 Barracks
03:27 Orc Burrow
04:51 Stronghold
04:55 War Mill
09:41 Fortress
09:47 Orc Burrow
10:50 Spirit Lodge
11:48 Orc Burrow
11:52 Orc Burrow
13:03 Tauren Totem
13:08 Tauren Totem
16:08 Great Hall
16:19 Great Hall
17:47 Great Hall
20:34 Watch Tower
20:48 Watch Tower
21:00 Watch Tower
21:07 Watch Tower
21:12 Watch Tower
21:17 Watch Tower
21:24 Watch Tower
21:32 Watch Tower
21:41 Watch Tower
24:46 Watch Tower
24:59 Watch Tower
26:28 Watch Tower
27:40 Watch Tower
29:49 Great Hall
29:54 Watch Tower
29:58 Watch Tower
30:03 Watch Tower
30:06 Watch Tower
31:37 Orc Burrow
48:03 Great Hall
» items
| Healing Salve | 2 | |
| Scroll of Speed | 1 | |
| Potion of Healing | 3 | |
| Scroll of Regeneration | 2 | |
| Boots of Speed | 1 | |
| Potion of Lesser Invulnerability | 1 | |
| Orb of Lightning | 2 | |
| Lesser Clarity Potion | 2 | |
| Scroll of Town Portal | 5 | |
| Staff of Teleportation | 1 | |
| Potion of Mana | 1 | |
21 total
SoManyFuktard (
blue | 43 APM | 1453 actions | 34:06)
1 Demon Hunter
1 Evasion
» actions
| Assign group hotkey | 165 | |
| Basic commands | 91 | |
| Build / train | 32 | |
| Enter build submenu | 12 | |
| Enter hero's abilities submenu | 1 | |
| Right click | 616 | |
| Select / deselect | 280 | |
| Select group hotkey | 222 | |
| Use ability | 34 | |
1453 total
» units
» buildings
| Altar of Elders | 1 | |
| Moon Well | 7 | |
| Ancient of War | 2 | |
| Hunter's Hall | 1 | |
11 total
» build order
00:05 Altar of Elders
00:19 Moon Well
00:46 Ancient of War
01:56 Hunter's Hall
02:17 Ancient of War
02:30 Moon Well
03:12 Moon Well
04:55 Moon Well
05:54 Moon Well
06:46 Moon Well
07:42 Moon Well
dAcHeddAt(=_=t) (
orange | 85 APM | 4959 actions | 58:32)
10 Archmage
3 Summon Water Elemental
3 Brilliance Aura
1 Mass Teleport
3 Blizzard
» actions
| Assign group hotkey | 203 | |
| Basic commands | 225 | |
| Build / train | 133 | |
| Enter build submenu | 59 | |
| Enter hero's abilities submenu | 10 | |
| Give item / drop item | 6 | |
| Remove unit from queue | 4 | |
| Right click | 1767 | |
| Select / deselect | 688 | |
| Select group hotkey | 1560 | |
| Use ability | 304 | |
4959 total
» units
| Peasant | 20 | |
| Footman | 8 | |
| Goblin Shredder | 1 | |
| Goblin Sapper | 6 | |
| Gryphon Rider | 6 | |
| Dragonhawk Rider | 15 | |
| Goblin Zeppelin | 2 | |
| Flying Machine | 4 | |
| Blue Dragon | 3 | |
65 total
» upgrades
| Masonry | 3 | |
| Swords | 3 | |
| Armor | 3 | |
| Animal War Training | 1 | |
| Defend | 0 | |
| Cloud | 1 | |
| Gunpowder | 3 | |
| Plating | 3 | |
| Flak Cannons | 1 | |
| Barrage | 1 | |
| Flying Machine Bombs | 1 | |
| Storm Hammers | 1 | |
21 total
» buildings
| Altar of Kings | 2 | |
| Barracks | 2 | |
| Farm | 14 | |
| Keep | 1 | |
| Lumber Mill | 1 | |
| Town Hall | 6 | |
| Arcane Vault | 4 | |
| Castle | 1 | |
| Gryphon Aviary | 4 | |
| Scout Tower | 20 | |
| Guard Tower | 4 | |
| Blacksmith | 2 | |
| Workshop | 4 | |
65 total
» build order
00:35 Altar of Kings
00:35 Barracks
00:48 Altar of Kings
00:53 Barracks
00:57 Farm
00:58 Farm
01:04 Farm
01:05 Farm
03:34 Keep
04:09 Lumber Mill
04:22 Town Hall
04:31 Arcane Vault
07:52 Castle
07:53 Gryphon Aviary
07:55 Gryphon Aviary
08:02 Farm
11:18 Town Hall
12:54 Scout Tower
12:55 Scout Tower
12:56 Scout Tower
12:58 Scout Tower
13:09 Town Hall
13:46 Guard Tower
14:52 Scout Tower
14:52 Scout Tower
14:52 Scout Tower
14:52 Scout Tower
14:53 Scout Tower
14:53 Scout Tower
14:57 Scout Tower
14:57 Scout Tower
15:00 Scout Tower
15:03 Scout Tower
15:04 Scout Tower
15:10 Blacksmith
15:12 Blacksmith
15:17 Scout Tower
15:19 Scout Tower
15:22 Scout Tower
15:23 Scout Tower
15:25 Scout Tower
15:56 Guard Tower
15:58 Guard Tower
16:50 Farm
16:50 Farm
18:55 Guard Tower
19:01 Gryphon Aviary
19:03 Gryphon Aviary
22:23 Farm
22:56 Arcane Vault
22:59 Arcane Vault
23:03 Arcane Vault
26:34 Workshop
26:37 Workshop
26:40 Workshop
26:43 Workshop
28:19 Farm
28:20 Farm
29:42 Farm
29:43 Farm
29:43 Farm
29:43 Farm
34:35 Town Hall
35:29 Town Hall
36:16 Town Hall
» items
| Potion of Healing | 7 | |
| Staff of Teleportation | 2 | |
| Scroll of Town Portal | 7 | |
| Staff of Sanctuary | 1 | |
| Scroll of Regeneration | 4 | |
| Periapt of Vitality | 1 | |
| Mechanical Critter | 2 | |
| Tiny Great Hall | 1 | |
| Potion of Lesser Invulnerability | 1 | |
26 total
gladsheep (
yellow | 111 APM | 6410 actions | 57:36)
6 Keeper of the Grove
3 Entangling Roots
2 Thorns Aura
1 Tranquility
5 Priestess of the Moon
3 Trueshot Aura
2 Scout
» actions
| Assign group hotkey | 56 | |
| Basic commands | 244 | |
| Build / train | 83 | |
| ESC pressed | 2 | |
| Enter build submenu | 30 | |
| Enter hero's abilities submenu | 11 | |
| Give item / drop item | 1 | |
| Right click | 3156 | |
| Select / deselect | 638 | |
| Select group hotkey | 2015 | |
| Use ability | 173 | |
6410 total
» units
| Wisp | 26 | |
| Archer | 1 | |
| Dryad | 12 | |
| Druid of the Claw | 3 | |
| Hippogryph | 3 | |
45 total
» upgrades
| Ultravision | 1 | |
| Strength of the Wild | 3 | |
| Abolish Magic | 1 | |
| Druid of the Claw Training | 2 | |
| Reinforced Hides | 3 | |
| Nature's Blessing | 1 | |
| Mark of the Claw | 1 | |
| Well Spring | 1 | |
13 total
» buildings
| Altar of Elders | 1 | |
| Moon Well | 8 | |
| Ancient of War | 1 | |
| Tree of Ages | 1 | |
| Hunter's Hall | 1 | |
| Ancient of Lore | 3 | |
| Tree of Life | 5 | |
| Tree of Eternity | 1 | |
| Ancient of Wonders | 1 | |
| Ancient of Wind | 4 | |
| Chimaera Roost | 3 | |
29 total
» build order
00:37 Altar of Elders
00:58 Moon Well
01:54 Ancient of War
02:01 Moon Well
03:12 Tree of Ages
04:18 Hunter's Hall
04:46 Moon Well
05:55 Ancient of Lore
05:56 Ancient of Lore
06:08 Ancient of Lore
06:12 Moon Well
07:58 Moon Well
09:36 Tree of Life
09:58 Moon Well
13:23 Tree of Eternity
18:33 Ancient of Wonders
19:12 Tree of Life
20:51 Moon Well
20:51 Moon Well
23:15 Ancient of Wind
23:15 Ancient of Wind
23:19 Ancient of Wind
23:20 Ancient of Wind
23:28 Tree of Life
31:27 Chimaera Roost
31:27 Chimaera Roost
31:30 Chimaera Roost
31:54 Tree of Life
47:02 Tree of Life
» items
| Scroll of Town Portal | 3 | |
| Potion of Lesser Invulnerability | 1 | |
| Scroll of Healing | 1 | |
5 total
team 2 (loser)
kroova (
pink | 65 APM | 2161 actions | 33:15)
4 Warden
2 Shadow Strike
1 Fan of Knives
1 Blink
3 Demon Hunter
1 Mana Burn
1 Immolation
1 Evasion
» actions
| Assign group hotkey | 45 | |
| Basic commands | 104 | |
| Build / train | 99 | |
| ESC pressed | 1 | |
| Enter build submenu | 28 | |
| Enter hero's abilities submenu | 8 | |
| Right click | 800 | |
| Select / deselect | 384 | |
| Select group hotkey | 618 | |
| Use ability | 74 | |
2161 total
» units
| Wisp | 26 | |
| Archer | 9 | |
| Huntress | 1 | |
| Hippogryph | 22 | |
| Makrura Snapper | 1 | |
| Chimaera | 24 | |
83 total
» upgrades
| Strength of the Wild | 2 | |
| Reinforced Hides | 2 | |
| Improved Bows | 1 | |
5 total
» buildings
| Altar of Elders | 1 | |
| Moon Well | 8 | |
| Ancient of War | 1 | |
| Tree of Ages | 1 | |
| Hunter's Hall | 1 | |
| Tree of Eternity | 1 | |
| Ancient of Lore | 1 | |
| Ancient of Wind | 2 | |
| Tree of Life | 1 | |
| Chimaera Roost | 2 | |
| Ancient Protector | 6 | |
| Ancient of Wonders | 1 | |
26 total
» build order
00:05 Altar of Elders
00:29 Moon Well
00:54 Ancient of War
01:58 Moon Well
02:43 Tree of Ages
02:50 Moon Well
03:16 Hunter's Hall
05:11 Tree of Eternity
05:37 Ancient of Lore
05:42 Ancient of Wind
06:31 Tree of Life
07:40 Chimaera Roost
08:00 Moon Well
08:24 Chimaera Roost
10:16 Moon Well
11:15 Moon Well
11:25 Ancient Protector
11:52 Ancient Protector
12:54 Ancient Protector
13:37 Moon Well
15:25 Ancient Protector
19:56 Moon Well
22:43 Ancient of Wind
23:30 Ancient of Wonders
23:36 Ancient Protector
23:41 Ancient Protector

»
Intrigue (
purple | 33 APM | 1122 actions | 33:47)
2 Blademaster
1 Wind Walk
1 Critical Strike
1 Shadow Hunter
1 Healing Wave
» actions
| Assign group hotkey | 38 | |
| Basic commands | 83 | |
| Build / train | 27 | |
| ESC pressed | 3 | |
| Enter build submenu | 20 | |
| Enter hero's abilities submenu | 3 | |
| Right click | 419 | |
| Select / deselect | 197 | |
| Select group hotkey | 288 | |
| Use ability | 44 | |
1122 total
» units
| Peon | 8 | |
| Grunt | 4 | |
| Wind Rider | 2 | |
| Troll Headhunter/Berserker | 2 | |
16 total
» upgrades
» buildings
| Altar of Storms | 1 | |
| Orc Burrow | 7 | |
| Barracks | 1 | |
| Voodoo Lounge | 1 | |
| War Mill | 1 | |
| Stronghold | 1 | |
| Beastiary | 1 | |
| Watch Tower | 6 | |
| Fortress | 1 | |
20 total
» build order
00:13 Altar of Storms
00:22 Orc Burrow
00:58 Barracks
01:35 Orc Burrow
01:55 Voodoo Lounge
03:12 War Mill
04:23 Stronghold
06:42 Orc Burrow
06:58 Beastiary
07:10 Watch Tower
07:15 Fortress
07:19 Orc Burrow
08:52 Orc Burrow
08:54 Watch Tower
09:06 Watch Tower
10:17 Watch Tower
10:20 Watch Tower
10:24 Watch Tower
12:52 Orc Burrow
12:56 Orc Burrow
» items
| Healing Salve | 1 | |
| Orb of Lightning | 1 | |
2 total
ChocolateIsLife (
red | 144 APM | 4744 actions | 33:03)
7 Dreadlord
3 Sleep
3 Vampiric Aura
1 Inferno
6 Death Knight
3 Death Coil
2 Unholy Aura
1 Animate Dead
» actions
| Assign group hotkey | 41 | |
| Basic commands | 145 | |
| Build / train | 99 | |
| ESC pressed | 3 | |
| Enter build submenu | 32 | |
| Enter hero's abilities submenu | 13 | |
| Give item / drop item | 8 | |
| Right click | 1793 | |
| Select / deselect | 1111 | |
| Select group hotkey | 1354 | |
| Use ability | 145 | |
4744 total
» units
| Acolyte | 8 | |
| Ghoul | 19 | |
| Goblin Zeppelin | 1 | |
| Abomination | 3 | |
| Obsidian Statue | 2 | |
| Gargoyle | 9 | |
42 total
» upgrades
| Unholy Strength | 3 | |
| Unholy Armor | 3 | |
| Ghoul Frenzy | 1 | |
| Disease Cloud | 1 | |
| Cannibalize | 1 | |
| Creature Attack | 2 | |
| Creature Carapace | 2 | |
| Stone Form | 1 | |
14 total
» buildings
| Crypt | 4 | |
| Altar of Darkness | 1 | |
| Ziggurat | 9 | |
| Graveyard | 1 | |
| Tomb of Relics | 2 | |
| Halls of the Dead | 2 | |
| Necropolis | 2 | |
| Black Citadel | 3 | |
| Slaughterhouse | 2 | |
| Spirit Tower | 4 | |
30 total
» build order
00:08 Crypt
00:10 Altar of Darkness
00:32 Ziggurat
01:12 Ziggurat
01:27 Graveyard
02:10 Tomb of Relics
04:30 Halls of the Dead
04:30 Halls of the Dead
04:33 Ziggurat
05:56 Crypt
06:01 Necropolis
06:02 Ziggurat
06:20 Ziggurat
06:20 Ziggurat
06:58 Black Citadel
06:58 Black Citadel
06:59 Black Citadel
07:00 Slaughterhouse
08:35 Slaughterhouse
08:36 Ziggurat
08:37 Ziggurat
09:30 Tomb of Relics
09:34 Ziggurat
19:39 Crypt
19:42 Crypt
21:21 Spirit Tower
21:22 Spirit Tower
28:27 Necropolis
31:35 Spirit Tower
31:35 Spirit Tower
» items
| Rod of Necromancy | 3 | |
| Circlet of Nobility | 1 | |
| Scroll of Town Portal | 6 | |
| Scroll of Healing | 3 | |
| Orb of Corruption | 1 | |
| Potion of Healing | 1 | |
| Potion of Lesser Invulnerability | 1 | |
16 total
NFL-IS-BACK-WOO (
green | 63 APM | 3713 actions | 58:32)
9 Blademaster
3 Wind Walk
3 Critical Strike
1 Bladestorm
2 Mirror Image
» actions
| Assign group hotkey | 69 | |
| Basic commands | 148 | |
| Build / train | 130 | |
| Enter build submenu | 53 | |
| Enter hero's abilities submenu | 9 | |
| Give item / drop item | 6 | |
| Remove unit from queue | 3 | |
| Right click | 1479 | |
| Select / deselect | 483 | |
| Select group hotkey | 1072 | |
| Use ability | 261 | |
3713 total
» units
| Peon | 21 | |
| Grunt | 3 | |
| Goblin Shredder | 2 | |
| Wind Rider | 12 | |
| Goblin Zeppelin | 1 | |
| Blue Dragon | 1 | |
| Goblin Sapper | 4 | |
| Troll Batrider | 3 | |
| Ghoul | 2 | |
| Gargoyle | 23 | |
72 total
» upgrades
| Reinforced Defenses | 1 | |
| Ranged Weapons | 2 | |
| Armor | 2 | |
| Liquid Fire | 1 | |
| Envenomed Spears | 1 | |
| Ensnare | 1 | |
| Melee Weapons | 1 | |
9 total
» buildings
| Altar of Storms | 1 | |
| Orc Burrow | 6 | |
| Barracks | 1 | |
| Voodoo Lounge | 1 | |
| Stronghold | 2 | |
| Great Hall | 4 | |
| War Mill | 2 | |
| Beastiary | 5 | |
| Fortress | 2 | |
| Watch Tower | 69 | |
| Necropolis | 1 | |
| Ziggurat | 13 | |
| Nerubian Tower | 2 | |
| Crypt | 2 | |
| Halls of the Dead | 1 | |
| Graveyard | 1 | |
113 total
» build order
00:20 Altar of Storms
00:27 Orc Burrow
00:49 Barracks
01:27 Orc Burrow
02:27 Voodoo Lounge
03:12 Stronghold
03:31 Orc Burrow
04:35 Great Hall
05:00 War Mill
05:43 Great Hall
06:08 Beastiary
06:08 Beastiary
06:41 Beastiary
07:01 Orc Burrow
07:30 Fortress
07:30 Fortress
12:59 Watch Tower
12:59 Watch Tower
13:00 Watch Tower
13:00 Watch Tower
13:49 Orc Burrow
13:52 Watch Tower
15:37 Watch Tower
15:37 Watch Tower
15:38 Watch Tower
15:38 Watch Tower
16:11 Watch Tower
16:11 Watch Tower
17:18 Beastiary
18:06 Beastiary
19:07 Great Hall
20:02 Watch Tower
20:03 Watch Tower
20:03 Watch Tower
20:04 Watch Tower
20:04 Watch Tower
20:19 Watch Tower
20:29 Watch Tower
21:08 Watch Tower
21:09 Watch Tower
21:09 Watch Tower
21:10 Watch Tower
21:10 Watch Tower
21:10 Watch Tower
21:12 Watch Tower
21:13 Watch Tower
21:14 Watch Tower
21:43 Watch Tower
24:26 Watch Tower
24:26 Watch Tower
24:27 Watch Tower
25:38 Watch Tower
25:39 Watch Tower
25:40 Watch Tower
25:40 Watch Tower
26:05 Watch Tower
26:06 Watch Tower
26:07 Watch Tower
31:49 Watch Tower
31:49 Watch Tower
31:49 Watch Tower
31:50 Watch Tower
31:50 Watch Tower
33:15 Watch Tower
33:16 Watch Tower
33:17 Watch Tower
33:18 Watch Tower
33:29 Necropolis
33:30 Ziggurat
33:31 Ziggurat
33:31 Ziggurat
33:32 Ziggurat
34:01 Great Hall
35:23 Nerubian Tower
40:38 Ziggurat
40:38 Ziggurat
40:39 Ziggurat
40:39 Ziggurat
40:39 Ziggurat
40:40 Ziggurat
40:40 Ziggurat
40:41 Ziggurat
40:58 Watch Tower
40:58 Watch Tower
40:58 Watch Tower
40:59 Watch Tower
40:59 Watch Tower
41:00 Watch Tower
41:36 Stronghold
41:45 Nerubian Tower
42:13 Watch Tower
42:14 Watch Tower
42:14 Watch Tower
42:14 Watch Tower
42:18 Orc Burrow
44:14 Watch Tower
44:14 Watch Tower
44:14 Watch Tower
44:15 Watch Tower
44:22 Watch Tower
44:22 Watch Tower
45:51 Watch Tower
45:52 Watch Tower
45:53 Watch Tower
45:54 Watch Tower
45:56 Watch Tower
45:56 Watch Tower
46:43 War Mill
48:47 Crypt
50:53 Halls of the Dead
50:56 Crypt
54:14 Ziggurat
54:23 Graveyard
» items
| Healing Salve | 6 | |
| Staff of Teleportation | 1 | |
| Potion of Lesser Invulnerability | 2 | |
| Orb of Lightning | 1 | |
| Tiny Great Hall | 2 | |
| Scroll of Town Portal | 9 | |
| Lesser Clarity Potion | 2 | |
| Potion of Healing | 1 | |
| Potion of Mana | 1 | |
| Boots of Speed | 1 | |
26 total
Chat log
(00:07 / All) NFL-IS-BACK-WOO: damn lots of lvl 1s
(00:10 / All) NFL-IS-BACK-WOO: plus trump hater
(00:16 / All) NFL-IS-BACK-WOO: i see tking happen
(00:21 / All) gladsheep: dannggg
(00:25 / All) gladsheep: say it isnt so
(00:26 / Allies) Intrigue: hopefully their side
(00:49 / Allies) Intrigue: u level 1 too
(00:52 / Allies) NFL-IS-BACK-WOO: yeap
(00:54 / Allies) NFL-IS-BACK-WOO: im pro tho
(00:59 / Allies) ChocolateIsLife: no u aint
(01:04 / Allies) ChocolateIsLife: no one pays you to be good at this game
(01:05 / Allies) NFL-IS-BACK-WOO: suck my dick biatch
(01:12 / Allies) NFL-IS-BACK-WOO: ill wreck u
(01:24 / Allies) Intrigue: take it out on them
(01:28 / Allies) Intrigue: blue scout
(01:30 / Allies) ChocolateIsLife: lel
(01:33 / Allies) NFL-IS-BACK-WOO: see purple, 4v4rt is about reputation
(01:35 / Allies) NFL-IS-BACK-WOO: i told red to fuck off
(01:37 / Allies) NFL-IS-BACK-WOO: he respects me now
(01:41 / Allies) kroova: xd
(01:43 / Allies) ChocolateIsLife: so much respect
(01:48 / Allies) Intrigue: omg
(02:03 / Allies) ChocolateIsLife: i have so much respect for the degenerates of USEast 4s RT
(02:11 / Allies) Intrigue: lol
(02:13 / Allies) NFL-IS-BACK-WOO: usa #1
(02:18 / All) NFL-IS-BACK-WOO: trump da man
(02:22 / All) NFL-IS-BACK-WOO: HILARY FOR PRISON
(02:38 / All) I_PlSS_ON_TRUMP: trump swallows my piss & shit
(02:59 / All) NFL-IS-BACK-WOO: ghetto ar eu in this game?
(03:14 / Allies) NFL-IS-BACK-WOO: come noob purple
(03:16 / Allies) NFL-IS-BACK-WOO: need ur help
(03:28 / Allies) Intrigue: dont take my mine
(03:29 / Allies) Intrigue: coming
(03:36 / Allies) NFL-IS-BACK-WOO: called it already
(03:42 / Allies) Intrigue: call ur own noob
(03:45 / Allies) Intrigue: the one across from you
(03:47 / Allies) NFL-IS-BACK-WOO: thats urs
(03:54 / Allies) Intrigue: im tking you asshole
(04:02 / Allies) Intrigue: take ur own mine
(04:11 / Allies) NFL-IS-BACK-WOO: ok ok u can have it
(04:12 / Allies) ChocolateIsLife: there are 2 gold mines right there
(04:13 / Allies) Intrigue: no
(04:39 / Allies) NFL-IS-BACK-WOO: get out
(04:40 / Allies) NFL-IS-BACK-WOO: bitch
(04:53 / All) NFL-IS-BACK-WOO: purple tk gg
(04:58 / Allies) Intrigue: asshole
(05:00 / Allies) ChocolateIsLife: LOL
(05:02 / Allies) Intrigue: take ur own mine
(05:02 / All) SoManyFuktard: dont leave i tk
(05:06 / Allies) ChocolateIsLife: im literally laughing at loud
(05:09 / Allies) ChocolateIsLife: LOL
(05:11 / Allies) Intrigue: noob
(05:14 / All) NFL-IS-BACK-WOO: purple is an arrogant bastard
(05:16 / Allies) ChocolateIsLife: there are actually people like you in purple
(05:16 / All) NFL-IS-BACK-WOO: he suck my dick
(05:19 / All) I_PlSS_ON_TRUMP: wtf
(05:19 / Allies) ChocolateIsLife: and that is hilarious to me
(05:22 / All) SoManyFuktard: im tking with mass hunts
(05:24 / All) NFL-IS-BACK-WOO: blue is a fag
(05:26 / Allies) Intrigue: stealing someone elses mine
(05:30 / Allies) Intrigue: its the one across from u moron
(06:19 / All) I_PlSS_ON_TRUMP: blue u suck trump dick too?
(06:26 / All) I_PlSS_ON_TRUMP: why tk bitch
(06:47 / Allies) NFL-IS-BACK-WOO: how about nobody gets it
(06:51 / Allies) Intrigue: fine
(07:05 / Allies) NFL-IS-BACK-WOO: im taking islands
(07:41 / Allies) NFL-IS-BACK-WOO: fuck that
(07:45 / Allies) NFL-IS-BACK-WOO: u dont toer thewre bitch
(07:50 / Allies) NFL-IS-BACK-WOO: cancel
(07:53 / Allies) Intrigue: just towering so noone gets
(07:56 / Allies) Intrigue: not building
(08:07 / Allies) NFL-IS-BACK-WOO: we even now
(08:08 / Allies) ChocolateIsLife: hmm i wonder what sort of brain and sickness problems purple and green have
(08:11 / Allies) Intrigue: thats it
(08:14 / Allies) Intrigue: we arent
(08:21 / All) NFL-IS-BACK-WOO: pruple made fun of my mother
(09:38 / All) SoManyFuktard: they mass footie grunt am blademaster yellow expanding
(09:39 / All) SoManyFuktard: bottom
(10:20 / All) I_PlSS_ON_TRUMP: this blue fag started it
(11:25 / All) SoManyFuktard: dont kill my hunts im helping you idiot
(11:32 / All) SoManyFuktard: they have mass dryad @ yellow kotg
(11:45 / All) SoManyFuktard: gryphon a few @ orange
(11:56 / All) SoManyFuktard: and yellow expanded bottom
(12:03 / All) SoManyFuktard: teal orange creeping merchant @ top
(12:05 / All) gladsheep: gotta love retards
(12:07 / Allies) ChocolateIsLife: u got this green
(12:11 / All) SoManyFuktard: teal tier 3 with spirit lodge
(12:23 / All) SoManyFuktard: im luring yellow mass dryad
(12:24 / All) SoManyFuktard: at bottom
(12:31 / All) SoManyFuktard: if anyone wants to come fuck him up
(12:53 / All) SoManyFuktard: yellow kotg mass dryad alone @ bottom
(12:59 / All) kroova: why are yall fightin again
(13:02 / All) SoManyFuktard: orange expanding mid
(13:06 / All) SoManyFuktard: towering it now
(13:11 / All) gladsheep: blue is mad at someone from last game and started tking
(13:13 / All) NFL-IS-BACK-WOO: glad u decide du lost purple
(13:46 / All) SoManyFuktard: yellow in mid alone
(13:47 / All) SoManyFuktard: kotg hunts
(14:06 / All) SoManyFuktard: i told you he mass dryad really pink run into it with hippo...
(14:44 / All) SoManyFuktard: yellow alone
(14:48 / All) SoManyFuktard: you're side of the map
(14:49 / All) SoManyFuktard: go
(14:58 / All) Intrigue: green has wyvs
(15:00 / All) SoManyFuktard: a few bear now also
(15:01 / All) NFL-IS-BACK-WOO: lol
(15:03 / All) Intrigue: no expo on bottom
(15:03 / Allies) ChocolateIsLife: pink want to attack with me
(15:08 / Allies) kroova: yea
(15:10 / Allies) ChocolateIsLife: i need anti air with me
(15:22 / All) SoManyFuktard: teal expanding a cliff island and orange expo my main
(15:23 / All) NFL-IS-BACK-WOO: blizz did not intend wc3 to be played like this
(15:30 / Allies) Intrigue: fuck you green
(15:34 / Allies) Intrigue: i'll own you next game
(15:49 / All) SoManyFuktard: yes go hit teal's army pink
(15:59 / All) Intrigue: all guys on right side of you blue
(16:00 / All) SoManyFuktard: hit his grunts you fucking idiot
(16:01 / All) Intrigue: care
(16:13 / All) Intrigue: green exp on right island
(16:15 / All) Intrigue: 4 towers
(16:43 / All) Intrigue: just red
(16:48 / All) SoManyFuktard: pink literally ignore the orc expo an grunt to afk into tower main lol christ you ppl must be fucking subhuman
(17:13 / All) SoManyFuktard: im helping you idiot and you're gonna kill my hero
(17:17 / All) kroova: XD
(17:27 / All) SoManyFuktard: hope you enjoy getting tked also pink
(17:32 / All) SoManyFuktard: anytime i see you i do it too
(17:38 / All) kroova: xdddd
(17:43 / All) dAcHeddAt(=_=t): CHARGE
(17:45 / All) dAcHeddAt(=_=t): RAHOWA
(17:56 / All) SoManyFuktard: sleep gryphon on you lose
(18:13 / All) SoManyFuktard: 500 mana no spells used so far on dl
(18:28 / All) SoManyFuktard: sleeps the least threatening target of kotg
(18:35 / All) SoManyFuktard: only to wake it up 2 sec later
(19:15 / All) NFL-IS-BACK-WOO: how does it feel purple
(19:16 / All) NFL-IS-BACK-WOO: to be anigger
(19:17 / All) SoManyFuktard: teal expanding both cliffs
(19:18 / All) NFL-IS-BACK-WOO: who got owned
(19:54 / All) SoManyFuktard: if you cant push in the next 2 mins you've lost the game idiots
(20:04 / All) SoManyFuktard: send air
(20:09 / All) NFL-IS-BACK-WOO: i tked purple
(20:11 / All) NFL-IS-BACK-WOO: hes 0/0
(20:11 / All) SoManyFuktard: to the cliff expos on our side @ teal
(20:12 / All) NFL-IS-BACK-WOO: lol
(20:24 / All) SoManyFuktard: no towers just 2 great hall
(20:29 / All) SoManyFuktard: orange heading to do mid
(20:33 / All) SoManyFuktard: mass dhawk and gryphon
(20:38 / Allies) ChocolateIsLife: hey pink
(20:43 / Allies) ChocolateIsLife: wait like 3 min before attacking
(20:43 / All) SoManyFuktard: pink of course runs by
(20:49 / All) SoManyFuktard: orange with hippos
(20:55 / All) SoManyFuktard: teal towering expo on cliff now
(21:14 / All) kroova: xd
(21:16 / Allies) ChocolateIsLife: its okie
(21:18 / All) SoManyFuktard: pink's iq so low he cant even put on a pair of pants without shitting himself
(21:20 / Allies) NFL-IS-BACK-WOO: we gonna win
(21:26 / All) kroova: i can do pants
(21:34 / All) SoManyFuktard: now he will mass archer into gryphon mass tower blademaster
(21:46 / All) SoManyFuktard: 0 upgrades against 2/2 gryphon
(22:49 / All) SoManyFuktard: orange has 6 dhawk tping in a sec
(22:54 / All) SoManyFuktard: 8 dhawk
(23:01 / All) kroova: dhawk?
(23:12 / All) SoManyFuktard: dragonhawk you mongoloid
(23:18 / All) SoManyFuktard: after this game go uninstall wc3
(23:19 / Allies) kroova: lol
(23:26 / All) kroova: wc3?
(23:38 / All) ChocolateIsLife: orange 1v1 me
(23:40 / All) dAcHeddAt(=_=t): blue just leave you retard
(23:42 / All) dAcHeddAt(=_=t): you're worthless
(23:44 / All) dAcHeddAt(=_=t): got owend
(23:54 / All) dAcHeddAt(=_=t): sneak attack like
(23:59 / Allies) kroova: any wood
(23:59 / All) SoManyFuktard: im not leaving until it's over moron ima tell them every move you idiots make
(24:04 / All) SoManyFuktard: yellow pushing bottom with teal
(24:17 / All) kroova: this poor kid
(24:19 / All) kroova: so angry
(24:21 / All) kroova: so very
(24:23 / All) kroova: angry
(24:25 / All) SoManyFuktard: red losing everything in a lone attack because he wanted to focus a hero with a tp
(24:36 / All) ChocolateIsLife: i did lose everything?
(24:40 / All) ChocolateIsLife: how come my food stayed the same
(24:46 / All) dAcHeddAt(=_=t): I was typing you rude jackass!
(24:49 / All) SoManyFuktard: it didnt but if you wanna lie that's ok
(25:01 / All) SoManyFuktard: yellow going bottom with his dryad bear
(25:04 / All) SoManyFuktard: orange going top with his air
(25:08 / All) SoManyFuktard: both alone
(25:24 / All) NFL-IS-BACK-WOO: blue stfu lol
(25:28 / All) gladsheep: amen
(25:40 / All) SoManyFuktard: teal coming
(25:40 / All) kroova: muted him
(25:41 / All) SoManyFuktard: hit him
(25:42 / All) SoManyFuktard: top
(25:43 / All) SoManyFuktard: GO
(25:47 / All) SoManyFuktard: sleep bm
(25:50 / All) SoManyFuktard: rape his ground army
(25:51 / All) NFL-IS-BACK-WOO: god teal
(26:00 / All) SoManyFuktard: sleeps a tauren allowing tp
(26:07 / All) ChocolateIsLife: hey man
(26:09 / All) ChocolateIsLife: im making ghouls
(26:12 / All) ChocolateIsLife: 1 tauren can kill like 20
(26:13 / All) SoManyFuktard: yellow alone at green's expo
(27:28 / All) SoManyFuktard: it's sad, 70% you guys gonna lose because you're retarded and you dont have a human to abuse things like cloud/tanks
(27:29 / Allies) kroova: WHY ARE HIPPOGRYPHS SO BAD
(28:04 / All) SoManyFuktard: red, knows ghouls shit vs air and tauren
(28:07 / All) SoManyFuktard: yet still massing them
(28:32 / Allies) kroova: er
(28:33 / All) SoManyFuktard: air tauren towers shaman dryad bear thorns aura
(28:34 / Allies) kroova: green killed me
(28:38 / Allies) NFL-IS-BACK-WOO: oh shut up
(28:39 / Allies) kroova: lol
(28:48 / All) SoManyFuktard: orange hitting red expo
(29:18 / All) SoManyFuktard: yellow alone @ bottom
(29:21 / All) SoManyFuktard: he's pulling back
(29:37 / All) SoManyFuktard: pink stabbing because he's a faggot friend of somebody on my team
(29:53 / All) NFL-IS-BACK-WOO: pink tked
(29:54 / All) SoManyFuktard: teal going top alone
(29:55 / Allies) ChocolateIsLife: hmm why are you killing pink?
(29:59 / All) NFL-IS-BACK-WOO: PINK TKED
(30:00 / All) NFL-IS-BACK-WOO: ME
(30:01 / All) SoManyFuktard: yellow coming through mid to join him
(30:04 / Allies) kroova: nah he did it first lol
(30:09 / Allies) kroova: idk why hes talkin on all chat
(30:13 / Allies) kroova: like who gives a shit lol
(30:16 / Allies) ChocolateIsLife: ah so look up word degenerate after game
(30:19 / All) SoManyFuktard: orange yellow in mid creeping dragon
(30:21 / Allies) ChocolateIsLife: perhaps google it or find dictionary
(30:27 / Allies) ChocolateIsLife: this is perfect example of you guys
(30:29 / Allies) kroova: xd
(30:34 / All) SoManyFuktard: teal going in alone like a retard, probably ok though because his friend pink tking
(30:36 / All) I_PlSS_ON_TRUMP: lol with all your help blue faggot
(30:40 / All) I_PlSS_ON_TRUMP: we still winning
(30:43 / All) I_PlSS_ON_TRUMP: roflmao
(30:47 / All) SoManyFuktard: they have 2 tkers, you only had me to deal with
(30:51 / All) ChocolateIsLife: you realize it's literally 1 v 4 all game
(30:57 / All) ChocolateIsLife: me v all of you
(31:00 / All) ChocolateIsLife: and I made mass ghouls
(31:08 / All) I_PlSS_ON_TRUMP: pretty sad
(31:10 / All) I_PlSS_ON_TRUMP: bitch
(31:15 / Allies) kroova: so why tk green
(31:18 / Allies) kroova: i mean here we are lol
(31:26 / Allies) NFL-IS-BACK-WOO: cuz my friend is on other team obviously
(31:34 / Allies) kroova: oh
(31:36 / Allies) kroova: mk mk
(31:39 / Allies) kroova: who cares about rank tho
(31:42 / Allies) kroova: theres like 30 people online
(31:44 / Allies) kroova: these days
(31:51 / All) SoManyFuktard: but congrats fucktard, you won 3v1 against a guy massing ghouls into lusted tauren gryphon dryad bear thorns auratowers
(31:55 / All) NFL-IS-BACK-WOO: i dont care about rank lawl
(31:59 / All) SoManyFuktard: really an accomplishment
(32:04 / All) kroova: hey blue
(32:07 / All) kroova: people love u alright
(32:12 / All) kroova: u know tomorrow will be a better day
(32:15 / All) kroova: just take it easy man
(32:18 / All) kroova: make a list of things u should do
(32:19 / All) ChocolateIsLife: lul
(32:20 / All) I_PlSS_ON_TRUMP: blue stfu and delete game & go lick trump's anus
(32:22 / All) kroova: and get atleast half done
(32:28 / All) I_PlSS_ON_TRUMP: bitch ass faggot
(32:30 / All) kroova: love u blue
(32:30 / All) NFL-IS-BACK-WOO: lawl
(32:33 / All) NFL-IS-BACK-WOO: this game was crazy
(32:46 / All) kroova: <3 peace everyone
(32:49 / All) NFL-IS-BACK-WOO: out nub
(32:50 / All) SoManyFuktard: green deciding to finally attack
(32:50 / All) kroova: wierd game lol
(32:59 / All) kroova: blue cant compute love
(33:05 / All) kroova: responded to every single little taunt all game
(33:08 / All) kroova: but love?
(33:11 / All) kroova: <3
(33:13 / All) kroova: little autist
(33:14 / All) kroova: lol
(33:20 / All) Intrigue: u suck green
(33:27 / All) SoManyFuktard: pink is ass fucking teal between games
(33:37 / All) SoManyFuktard: green probably there to film
(33:39 / All) NFL-IS-BACK-WOO: blue ur a nab
(34:03 / All) SoManyFuktard: i could quit playing now and none of you faggots could become as good as i am in 10 years of playing
(34:05 / All) dAcHeddAt(=_=t): blue is the worst player I've ever seen
(34:06 / All) dAcHeddAt(=_=t): LOL
(34:07 / All) NFL-IS-BACK-WOO: lawl
(34:10 / All) NFL-IS-BACK-WOO: blue is pro
(34:17 / All) dAcHeddAt(=_=t): he's mad as fuck
(35:54 / All) dAcHeddAt(=_=t): this was chaotic right from the start lol
(39:46 / All) NFL-IS-BACK-WOO: how does teal have so much gold
(39:51 / All) dAcHeddAt(=_=t): I wish blue stayed longer so I could shit talk him again
(39:55 / All) I_PlSS_ON_TRUMP: :D
(39:59 / All) dAcHeddAt(=_=t): but I was too focused before that
(40:11 / All) dAcHeddAt(=_=t): never even got storm hammers whoopsie daisy
(40:37 / All) I_PlSS_ON_TRUMP: oj gold me 4 exxpos
(41:12 / All) I_PlSS_ON_TRUMP: yo oj
(41:15 / All) I_PlSS_ON_TRUMP: some gold
(41:22 / All) dAcHeddAt(=_=t): brb
(41:25 / All) dAcHeddAt(=_=t): gotta piss
(42:51 / All) I_PlSS_ON_TRUMP: i need gold
(42:53 / All) I_PlSS_ON_TRUMP: 1st
(42:59 / All) NFL-IS-BACK-WOO: do u like hilary
(43:17 / All) I_PlSS_ON_TRUMP: better than that orange fat fuck pedophile
(43:37 / All) I_PlSS_ON_TRUMP: oj wake up nigga
(43:38 / All) NFL-IS-BACK-WOO: aight yellow u can take my main base gonna tp to island
(46:18 / All) I_PlSS_ON_TRUMP: oj some gold nigga
(47:19 / All) I_PlSS_ON_TRUMP: yellow how much gold
(47:33 / All) I_PlSS_ON_TRUMP: thats all i need
(47:49 / All) I_PlSS_ON_TRUMP: give me 100
(48:21 / All) NFL-IS-BACK-WOO: they rpob cant touch my island expo
(48:44 / All) I_PlSS_ON_TRUMP: wtf
(48:46 / All) I_PlSS_ON_TRUMP: nigger
(48:55 / All) NFL-IS-BACK-WOO: whos a nig?
(49:26 / All) I_PlSS_ON_TRUMP: oj has switched sides
(49:35 / All) I_PlSS_ON_TRUMP: fucking little nigger bitch
(49:45 / All) dAcHeddAt(=_=t): keep my president's name
(49:50 / All) dAcHeddAt(=_=t): out ja muthafuckin mouf
(50:02 / All) I_PlSS_ON_TRUMP: you mean pedophile
(50:04 / All) dAcHeddAt(=_=t): u say President Trump? You put some respek on it
(50:06 / All) I_PlSS_ON_TRUMP: motherfucker
(50:18 / All) gladsheep: dude why u tk me, i said nothin bout trump
(50:27 / All) I_PlSS_ON_TRUMP: respect these nuts on trump's mouth
(50:30 / All) I_PlSS_ON_TRUMP: bitch
(50:40 / All) NFL-IS-BACK-WOO: dammit i wanted them to attack my island
(50:42 / All) dAcHeddAt(=_=t): Tell teal to apologize to our POTUS
(50:55 / All) I_PlSS_ON_TRUMP: fuck dat trump can swallow my load
(51:44 / All) dAcHeddAt(=_=t): Don't teven think about it bub
(51:55 / All) dAcHeddAt(=_=t): the gold is mine, and mine alone
(53:14 / All) gladsheep: zzzzzzzzzzzzzzzzzzzzzzzzzzzzzzzzzzzzzzzzzzzzzzzzzzzzzzzzzzzzzzzzzzzzzzzzzzzzzzzzzzzzzzzzzzzzzzzzzz
(53:16 / All) NFL-IS-BACK-WOO: trump is da GOAT presid
(53:36 / All) I_PlSS_ON_TRUMP: goat cock sucker
(53:40 / All) I_PlSS_ON_TRUMP: biatch
(55:59 / All) NFL-IS-BACK-WOO: lawl
(56:06 / All) dAcHeddAt(=_=t): Cheeky git
(56:42 / All) dAcHeddAt(=_=t): bad yellow bad
(57:43 / All) dAcHeddAt(=_=t): he got 2 of me dragons
(57:43 / All) NFL-IS-BACK-WOO: stats
(57:48 / All) dAcHeddAt(=_=t): I was gonna save second one but 2 slow
(57:59 / All) NFL-IS-BACK-WOO: my team not gerat stats
(58:16 / All) dAcHeddAt(=_=t): yellow is 42-34 solo but 0-2 team lol
(58:21 / All) NFL-IS-BACK-WOO: i say purp loses
(58:24 / All) NFL-IS-BACK-WOO: for being a cunt
(58:24 / All) dAcHeddAt(=_=t): aite